 Dungeon Crawl Stone Soup version 0.29.1-1-gd02db6906a (webtiles) character file.

Game seed: 588346087366097320

99 Sobieck the Trooper (level 4, 0/37 HPs)
             Began as a Palentonga Abyssal Knight on Sept 29, 2022.
             Was a Priest of Lugonu.
             Succumbed to a kobold's poison
             ... on level 3 of the Dungeon.
             The game lasted 00:03:05 (1671 turns).

Sobieck the Trooper (Palentonga Abyssal Knight)     Turns: 1671, Time: 00:03:06

Health: 0/37       AC:  5    Str: 20    XL:     4   Next: 45%
Magic:  6/6        EV:  9    Int: 11    God:    Lugonu [***...]
Gold:   85         SH:  0    Dex: 10    Spells: 3/3 levels left

rFire   . . .      SeeInvis +   a - +1 hand axe {axe}
rCold   . . .      Faith    .   (no shield)
rNeg    . . .      Spirit   .   d - +0 ring mail
rPois   .          Reflect  .   (no helmet)
rElec   .          Harm     .   (no cloak)
rCorr   .          Rampage  .   (no gloves)
Will    .....                   (no barding)
Stlth   ..........              (no amulet)
HPRegen 0.12/turn               (no ring)
MPRegen 0.10/turn               (no ring)

@: brilliant, lethally poisoned (0 -> -18), flying
A: large, rugged brown scales 3, see invisible, deformed body, roll 1, armoured
tail
a: Rolling Charge, Renounce Religion, Depart the Abyss, Bend Space, Banish


You were on level 3 of the Dungeon.
You worshipped Lugonu.
Lugonu was most pleased with you.
You visited 1 branch of the dungeon, and saw 3 of its levels.
You visited the Abyss 1 time.

You collected 85 gold pieces.


Innate Abilities, Weirdness & Mutations

You are completely covered in rugged brown scales. (AC +3, +7% HP)
You have supernaturally acute eyesight. (SInv)
Armour fits poorly on your strangely shaped body.
You can roll at nearby foes to attack.
You have a long armoured tail.


   Skills:
 + Level 3.5 Fighting
 + Level 2.7 Axes
 + Level 2.1 Armour
 + Level 1.6 Dodging
 + Level 2.8 Invocations


You had 3 spell levels left.
You didn't know any spells.
Your spell library contained the following spells:

 Spells                   Type           Power      Damage    Failure   Level
 Magic Dart               Conj           0%         1d3       52%         1
 Call Imp                 Summ           0%         N/A       65%         2
 Poisonous Vapours        Pois/Air       0%         N/A       65%         2
 Mephitic Cloud           Conj/Pois/Air  0%         N/A       87%         3
 Corpse Rot               Necr/Pois/Air  0%         N/A       99%         4

Inventory:

Hand Weapons
 a - a +1 hand axe (weapon) {axe}
Missiles
 g - 8 stones {throwing}
 n - 3 poisoned darts {throwing}
Armour
 b - a +0 leather armour
 d - a +0 ring mail (worn)
   (You found it on level 1 of the Dungeon)
 p - a +0 leather armour
   (You found it on level 2 of the Dungeon)
Scrolls
 c - 4 scrolls of identify {unknown}
 f - 2 scrolls of magic mapping {unknown}
 k - 2 scrolls of amnesia {unknown}
 l - a scroll of immolation {unknown}
 o - a scroll of butterflies {unknown}
 q - a scroll of poison {unknown}
 u - a scroll of noise {unknown}
Potions
 h - a potion of degeneration {unknown}
 i - a potion of attraction {unknown}
 j - a potion of curing {unknown}
 m - a potion of flight
 r - a potion of berserk rage {unknown}
 s - a potion of might {unknown}
 t - 4 potions of mutation {unknown}
 v - a potion of lignification {unknown}

Dungeon Overview and Level Annotations

Branches:
Dungeon (3/15) Zot: 16329

Altars:

### .... ..# ....
#.# .... #.# #..
#.# #...
#.########.
#...###.#<.......
#.........########
#..<#@#...........
#. #)##.#########
...... ##.##.##
#.##.# #.##.#
#.##.# #.#


There were no monsters in sight!


Message History

c - 3 scrolls labelled BUNYPAAMUI (gained 1)
s - a smoky black potion Key pressed, stopping explore.
Unknown command.
A frilled lizard comes into view.
Danger!
You roll forward with a clatter of scales!
You slash the frilled lizard!
You kill the frilled lizard!
Lugonu accepts your kill.
t - 2 fuming emerald potions You now have 76 gold pieces (gained 7).
u - a scroll labelled URPHEAMEXKIWK;
v - a bubbling grey potion
Found two stone staircases leading down.
Unknown command.
A kobold comes into view. It is wielding a +0 short sword.
The kobold shouts!
Danger!
You roll forward with a clatter of scales!
You barely miss the kobold.
Your tail-slap misses the kobold.
The kobold hits you but does no damage.
You barely miss the kobold. You tail-slap the kobold.
The kobold hits you but does no damage.
The kobold hits you with a +0 short sword.
You slash the kobold!
You kill the kobold!
Lugonu accepts your kill.
No target in view!
Things that are here:
a +0 short sword {short}; a kobold corpse
t - 4 fuming emerald potions (gained 2)
There is a stone staircase leading down here.
c - 4 scrolls labelled BUNYPAAMUI (gained 1)
You now have 85 gold pieces (gained 9).
An adder comes into view.
The adder hisses angrily.
The adder bites you but does no damage.
Danger!
You barely miss the adder. The adder barely misses you.
You hit the adder.
Your tail-slap misses the adder.
The adder bites you but does no damage. The adder bites you.
You slash the adder!
You kill the adder!
Lugonu accepts your kill.
No target in view!
No target in view!
You see here a bat skeleton.
Done exploring.
Done exploring.
(D) Dungeon
Where to? (Enter - D:2, ? - help)
There is a stone staircase leading down here.
You climb downwards.
Found a stone staircase leading up.
There is a stone staircase leading up here.
Unknown command.
Unknown command.
A kobold comes into view. It is wielding a +0 dagger of venom.
The kobold shouts!
Danger!
You roll forward with a clatter of scales!
You closely miss the kobold. The kobold hits you but does no damage.
Unknown command.
Unknown command.
You hit the kobold. The kobold closely misses you.
You hit the kobold but do no damage. The kobold hits you but does no damage.
You are poisoned.
You closely miss the kobold.
You feel sick. The kobold barely misses you.
You barely miss the kobold.
You feel sick. The kobold hits you but does no damage.
You hit the kobold.
You feel sick.
The kobold hits you with a +0 dagger of venom.
Unknown command.
You hit the kobold but do no damage.
You feel sick.
The kobold hits you with a +0 dagger of venom.
You are more poisoned.
The kobold hits you with a +0 dagger of venom.
You closely miss the kobold.
You feel very sick. The kobold hits you but does no damage.
You are lethally poisoned!
You hit the kobold.
* * * LOW HITPOINT WARNING * * *
You feel very sick. The kobold hits you but does no damage.
You are more poisoned.
You hit the kobold but do no damage. You tail-slap the kobold.
You kill the kobold!
Lugonu accepts your kill.
* * * LOW HITPOINT WARNING * * *
You feel extremely sick.
Unknown command.
It was a potion of brilliance.
You feel clever all of a sudden.
* * * LOW HITPOINT WARNING * * *
You feel very sick.
It was a potion of flight.
You feel very buoyant.
You fly up into the air.
You die...

Skill      XL: |  1  2  3 |
---------------+----------+-----
Dodging        | 1 |  1.6
Armour         | 2 |  2.1
Fighting       | |  3.5
Axes           | |  2.7
Invocations    | |  2.8

Action                   |  1- 3 |  4- 6 || total
-------------------------+-------+-------++-------
Melee: Hand axe          |    84 |    33 ||   117
       Tailslap          |    12 |     3 ||    15
 Abil: Rolling Charge    |    30 |    10 ||    40
  Use: Potion            |       |     2 ||     2
Armor: Leather armour    |     6 |       ||     6
       Ring mail         |    28 |    11 ||    39
Dodge: Dodged            |    31 |     7 ||    38

Levels and vault maps discovered:
D:1:      dpeg_arrival_line_fractal, layout_loops_ring,
          shapermc_ecumenical_altar_mp_urbaneastern, kennysheep_pointless_box,
          hangedman_decor_clover_reticule, minmay_pentomino_s2
D:2:      layout_rooms
D:3:      minmay_wonky_spiral, layout_basic

Notes
Turn   | Place    | Note
-------+----------+-------------------------------------------
     0 | Abyss:1  | Sobieck the Palentonga Abyssal Knight began the quest for
                  | the Orb.
     0 | Abyss:1  | Reached XP level 1. HP: 19/19 MP: 2/2
    21 | D:1      | You pass through the gate.
    21 | D:1      | Escaped the Abyss
    59 | D:1      | Reached skill level 1 in Dodging
   102 | D:1      | Reached XP level 2. HP: 21/25 MP: 3/3
   496 | D:1      | Reached *** piety under Lugonu
   515 | D:1      | You pick up a book of Vapours and begin reading...
   515 | D:1      | You add the spells Poisonous Vapours and Corpse Rot to your
                  | library.
   562 | D:1      | Reached XP level 3. HP: 30/31 MP: 4/4
   574 | D:1      | Found a faded altar of an unknown god.
   834 | D:2      | Reached skill level 2 in Armour
  1112 | D:2      | Reached XP level 4. HP: 28/37 MP: 4/6
  1350 | D:2      | You pick up a book of Minor Magic and begin reading...
  1350 | D:2      | You add the spells Magic Dart, Call Imp and Mephitic Cloud
                  | to your library.
  1669 | D:3      | HP: 9/37 [poisoned by a kobold]
  1670 | D:3      | HP: 4/37 [poisoned by a kobold]
  1671 | D:3      | Succumbed to a kobold's poison

Vanquished Creatures
  4 adders (D:2)
  A worm (D:2)
  2 dart slugs
  6 ball pythons
  6 bats
  5 endoplasms
  4 goblins (D:1)
  7 hobgoblins
  5 kobolds
  2 quokkas (D:1)
  7 frilled lizards
  7 rats
56 creatures vanquished.

Vanquished Creatures (others)
  A fungus (D:1)
  A plant (D:1)
2 creatures vanquished.

Grand Total: 58 creatures vanquished

Table legend:
 A = Non-vault XP
 B = Vault XP
 C = Vault XP percentage of total XP
 D = Non-vault monster count
 E = Vault monster count
 F = Vault count percentage of total count
                 A         B        C        D         E       F
            +---------+---------+-------+---------+---------+-------
      Total |     140 |       2 |   1.4 |      55 |       1 |   1.8
            +---------+---------+-------+---------+---------+-------
        D:1 |      50 |       2 |   3.8 |      30 |       1 |   3.2
        D:2 |      88 |       0 |   0.0 |      24 |       0 |   0.0
        D:3 |       2 |       0 |   0.0 |       1 |       0 |   0.0
            +---------+---------+-------+---------+---------+-------

Illustrated notes

Table legend:
 A = Kills in this place as a percentage of kills in entire the game.
 B = Kills by you in this place as a percentage of kills by you in the entire game.
 C = Kills by friends in this place as a percentage of kills by friends in the entire game.
 D = Other kills in this place as a percentage of other kills in the entire game.
 E = Experience gained in this place as a percentage of experience gained in the entire game.
 F = Experience gained in this place divided by the number of levels of this place that you have seen.
                   A       B       C       D       E      F
               +-------+-------+-------+-------+-------+----------------------
         Total | 100.0 | 100.0 |   N/A |   N/A | 100.0 |  35.5
       Dungeon | 100.0 | 100.0 |   N/A |   N/A | 100.0 |  47.3
               +-------+-------+-------+-------+-------+----------------------

Table legend: (Time is in decaauts)
 A = Elapsed time spent in this place.
 B = Non-inter-level travel time spent in this place.
 C = Inter-level travel time spent in this place.
 D = Time resting spent in this place.
 E = Time spent auto-exploring this place.
 F = Levels seen in this place.
 G = Mean time per level.
                   A        B        C        D        E       F      G
               +--------+--------+--------+--------+--------+-----+--------+
         Total |   1691 |   1653 |     38 |    232 |   1125 |   4 |  422.8 |
       Dungeon |   1670 |   1632 |     38 |    232 |   1118 |   3 |  556.7 |
         Abyss |     21 |     21 |      0 |      0 |      7 |   1 |   21.0 |
               +--------+--------+--------+--------+--------+-----+--------+

Top non-repeatable levels by time:
     D:2: 841 daAuts
     D:1: 810 daAuts
 Abyss:1: 21 daAuts
     D:3: 18 daAuts
